 Dungeon Crawl Stone Soup version 0.32-a0-814-g0968bab981 (webtiles) character file.

Game seed: 3347400956984246317

41 zenocrate the Sneak (level 3, -2/23 HPs)
             Began as an Octopode Earth Elementalist on Mar 22, 2024.
             Slain by a water moccasin (8 damage)
             ... on level 3 of the Dungeon.
             The game lasted 00:01:36 (1487 turns).

zenocrate the Sneak (Octopode Earth Elementalist)   Turns: 1487, Time: 00:01:37

Health: -2/23      AC:  1    Str: 13    XL:     3   Next: 52%
Magic:  5/6        EV: 12    Int: 16    God:
Gold:   111        SH:  0    Dex: 11    Spells: 5/6 levels left

rFire   . . .        a - +0 dagger (pain)
rCold   . . .        (no shield)
rNeg    . . .        (helmet restricted)
rPois   .            (no amulet)
rElec   .            (no ring)
rCorr   .            (no ring)
SInv    .            (no ring)
Will    .....        (no ring)
Stlth   +++          (no ring)
HPRegen 0.23/turn    (no ring)
MPRegen 0.10/turn    (no ring)
                     (no ring)

%: clarity
@: lethally poisoned (-2 -> -9)
A: almost no armour, amphibious, 8 rings, camouflage 1, gelatinous body 1,
(nimble swimmer 1), tentacles, tentacle spike 1, clarity, strong 1
a: no special abilities


You were on level 3 of the Dungeon.
You visited 1 branch of the dungeon, and saw 3 of its levels.

You collected 111 gold pieces.

Inventory:

Hand Weapons
 a - a +0 dagger of pain (weapon)
Scrolls
 f - 2 scrolls of teleportation {unknown}
 g - a scroll of immolation {unknown}
 j - 2 scrolls of butterflies
 k - a scroll of blinking {unknown}
 l - a scroll of identify
 m - a scroll of enchant armour {unknown}
Potions
 c - a potion of enlightenment
 d - a potion of ambrosia
 h - 2 potions of magic
 i - 2 potions of brilliance


   Skills:
 + Level 1.2 Fighting
 + Level 2.4 Dodging
 + Level 3.4 Stealth
 * Level 1.6 Unarmed Combat
 - Level 2.0 Spellcasting
 - Level 1.0 Conjurations
 - Level 3.0 Earth Magic


You had 5 spell levels left.
You knew the following spells:

 Your Spells              Type           Power      Damage    Failure   Level
a - Sandblast             Erth           22%        2d7       6%          1

Your spell library contained the following spells:

 Spells                   Type           Power      Damage    Failure   Level
 Passwall                 Erth           11%        N/A       19%         3
 Stone Arrow              Conj/Erth      16%        3d8       26%         3
 Lesser Beckoning         Tloc           2%         N/A       30%         2
 Gell's Gravitas          Tloc           1%         N/A       52%         3
 Teleport Other           Tloc           1%         N/A       52%         3
 Brom's Barrelling Bould  Conj/Erth      8%         2d3       65%         4
 Petrify                  Alch/Erth      6%         N/A       73%         4


Dungeon Overview and Level Annotations

Branches:
Dungeon (3/15)

Altars:
Sif Muna


Innate Abilities, Weirdness & Mutations

You cannot wear most types of armour.
You are amphibious.
You can wear up to eight rings at the same time.
Your skin changes colour to match your surroundings (Stealth+).
Your rubbery body absorbs attacks. (AC +1, EV +1)
((You are camouflaged when in or above water. (Stealth+)))
You have tentacles for arms and can constrict up to eight enemies at once.
One of your tentacles bears a spike.
You possess an exceptional clarity of mind.
Your muscles are strong. (Str +4, Int/Dex -1)


Message History

You barely miss the water moccasin. Your grab misses the water moccasin.
The water moccasin is moderately wounded.
The water moccasin bites you.
You are poisoned.
The water moccasin poisons you! The water moccasin bites you.
You are lethally poisoned!
The water moccasin poisons you!
Okay, then.
You hit the water moccasin but do no damage.
Your grab misses the water moccasin. Your squeeze misses the water moccasin.
The water moccasin is moderately wounded.
You feel very sick. The water moccasin bites you.
* * * LOW HITPOINT WARNING * * *
Unknown command.
Unknown command.
You feel much better.
You feel very sick.
The water moccasin closely misses you. x2
It was a potion of mutation.
You feel extremely strange.
You feel stronger.
One of your lower tentacles grows a sharp spike.
Your thoughts seem clearer.
You feel very sick. The water moccasin barely misses you.
You aren't carrying any items that you can evoke.
Unknown command.
You hit the water moccasin but do no damage.
You grab the water moccasin. You squeeze the water moccasin.
The water moccasin is moderately wounded.
You constrict the water moccasin.
You feel sick. The water moccasin bites you.
Unknown command.
Unknown command.
You hit the water moccasin.
The water moccasin is heavily wounded.
You constrict the water moccasin.
* * * LOW HITPOINT WARNING * * *
You feel very sick. The water moccasin bites you!
You die...

#...#### ###'''###
##.....§§##
##..§...§§.##
##..≈.≈.≈.≈.§##
##..≈...≈...≈.§##
##§.§.≈.≈.§.≈.≈§§##
##.§≈§..≈.≈.§...≈§.##
#..≈@§.≈.§.≈.≈.≈.§..#
#.§..S≈...§...§§§.≈.#
+..≈.≈§≈.§.≈.≈.≈.≈..+
+.$.≈.≈.≈.≈.≈.≈.≈...+
+..≈.≈.≈.≈.≈.≈.≈.≈..+
#.≈...≈...≈...≈...≈.#
#..≈.≈.≈.§.≈.≈.≈.≈..#
##..≈..§≈.≈.§§..≈..##
.≈§≈.≈.≈.≈.≈..##.


You could see a water moccasin.

Vanquished Creatures
  2 adders (D:2)
  A dart slug (D:1)
  4 ball pythons
  2 bats
  2 endoplasms
  A goblin (D:2)
  A hobgoblin (D:2)
  2 quokkas (D:2)
  5 kobolds
  2 rats
22 creatures vanquished.

Notes
Turn   | Place    | Note
-------+----------+-------------------------------------------
     0 | D:1      | zenocrate the Octopode Earth Elementalist began the quest
                  | for the Orb.
     0 | D:1      | Reached XP level 1. HP: 11/11 MP: 3/3
   346 | D:1      | Reached XP level 2. HP: 10/18 MP: 5/5
   904 | D:2      | Reached skill level 1 in Unarmed Combat
   916 | D:2      | Reached skill level 1 in Fighting
   916 | D:2      | Reached XP level 3. HP: 13/23 MP: 4/6
  1036 | D:2      | Found a shimmering blue altar of Sif Muna.
  1093 | D:2      | Found a faded altar of an unknown god.
  1478 | D:3      | Noticed a water moccasin
  1485 | D:3      | Gained mutation: Your muscles are strong. (Str +4, Int/Dex
                  | -1) [potion of mutation]
  1485 | D:3      | Gained mutation: One of your tentacles bears a spike.
                  | [potion of mutation]
  1485 | D:3      | Gained mutation: You possess an exceptional clarity of
                  | mind. [potion of mutation]
  1487 | D:3      | Slain by a water moccasin

Illustrated notes

Levels and vault maps discovered:
D:1:      evilmike_arrival_fibonacci_small, layout_basic
D:2:      layout_basic, basic_altar, shapermc_ecumenical_altar_petra
D:3:      layout_basic, kennysheep_cluttered_room, uniq_natasha

Skill      XL: |  1  2 |
---------------+-------+-----
Stealth        | 3 |  3.4
Unarmed Combat | 1 |  1.6
Fighting       | 1 |  1.2
Dodging        | |  2.4
Spellcasting   | |  2.0
Conjurations   | |  1.0
Earth Magic    | |  3.0

Action                     || total
---------------------------++-------
  Melee: Unarmed           ||     6
         Dagger            ||    35
         Constrict         ||    14
         Tentacles         ||     5
   Cast: Sandblast         ||     6
    Use: Potion            ||     3
         Scroll            ||     4
   Stab: Sleeping          ||     4
 Armour: Skin              ||    32
  Dodge: Dodged            ||    30

Table legend: (Time is in decaauts)
 A = Elapsed time spent in this place.
 B = Non-inter-level travel time spent in this place.
 C = Inter-level travel time spent in this place.
 D = Time resting spent in this place.
 E = Time spent auto-exploring this place.
 F = Levels seen in this place.
 G = Mean time per level.
                   A        B        C        D        E       F      G
               +--------+--------+--------+--------+--------+-----+--------+
         Total |   1488 |   1434 |     54 |      3 |   1202 |   3 |  496.0 |
       Dungeon |   1488 |   1434 |     54 |      3 |   1202 |   3 |  496.0 |
               +--------+--------+--------+--------+--------+-----+--------+

Top non-repeatable levels by time:
     D:1: 746 daAuts
     D:2: 620 daAuts
     D:3: 121 daAuts
